[ AOE2 MATCH · #505165819 ]
UnrankedLithuanians vs Chinese
Rival team · LOSS
[ REPLAY ANALYSIS · EXTRACTED FROM THE RECORDED GAME ]
Feudal
13:22
Castle
20:29
Imperial
44:43
| APM avg | 53.8 |
| APM peak | 102 |
| eAPM avg | 29.0 |
| Villagers / military | 168 / 190 |
Focus
⚔️ 43.5% · 🌾 56.5%
Knight ×101 · Archer ×46 · Battering Ram ×18 · Monk ×13 · Militia ×6 · Mangonel ×2
Feudal
15:40
Castle
19:35
Imperial
37:23
| APM avg | 47.2 |
| APM peak | 79 |
| eAPM avg | 32.8 |
| Villagers / military | 225 / 162 |
Focus
⚔️ 50.9% · 🌾 49.1%
Fire Lancer ×91 · Scout Cavalry ×39 · Chu Ko Nu ×17 · Militia ×8 · Spearman ×2 · Iron Pagoda ×2
Match map
Initial resources + every placement click. Lines = walls · curves = elevation contours. ◆ gold · ⬟ stone · ● berries · ✦ relic · ◌ wall gap
Your base· ✓ Closed at 20:29 · 36t walls · 1 gate(s)
Predestined Jean Calvin's base· Open — 7t gap
Smoothed initial terrain · ◌ = detected wall gap · hover for details
Inputs per minute
— snowshawnskate - - Predestined Jean Calvin
Build order — snowshawnskate
First 150 of 598 actions detected
| 0:01 | Queue | Villager (Male) |
| 0:01 | Queue | Villager (Male) |
| 0:02 | Build | House |
| 0:04 | Build | Barracks |
| 0:12 | Queue | Villager (Male) |
| 0:12 | Queue | Villager (Male) |
| 0:13 | Queue | Villager (Male) |
| 0:19 | Queue | Villager (Male) |
| 0:52 | Queue | Villager (Male) |
| 0:58 | Build | House |
| 1:01 | Queue | Militia |
| 1:01 | Queue | Militia |
| 1:46 | Queue | Villager (Male) |
| 2:17 | Queue | Villager (Male) |
| 2:39 | Queue | Villager (Male) |
| 2:53 | Build | House |
| 3:04 | Queue | Villager (Male) |
| 3:33 | Queue | Villager (Male) |
| 3:54 | Queue | Villager (Male) |
| 4:24 | Queue | Villager (Male) |
| 4:52 | Queue | Villager (Male) |
| 4:58 | Queue | Villager (Male) |
| 5:22 | Build | House |
| 5:37 | Queue | Villager (Male) |
| 5:44 | Build | Lumber Camp |
| 5:44 | Queue | Villager (Male) |
| 5:47 | Queue | Villager (Male) |
| 5:56 | Queue | Villager (Male) |
| 6:17 | Build | House |
| 6:19 | Build | Palisade Wall |
| 6:27 | Queue | Villager (Male) |
| 6:39 | Queue | Villager (Male) |
| 7:27 | Build | Mill |
| 7:28 | Queue | Villager (Male) |
| 7:37 | Queue | Militia |
| 7:37 | Queue | Militia |
| 7:44 | Build | Palisade Wall |
| 7:49 | Queue | Villager (Male) |
| 8:02 | Build | Palisade Wall |
| 8:05 | Build | House |
| 8:07 | Queue | Villager (Male) |
| 8:08 | Queue | Militia |
| 8:31 | Queue | Villager (Male) |
| 8:56 | Queue | Villager (Male) |
| 8:59 | Build | House |
| 9:00 | Build | House |
| 9:11 | Queue | Villager (Male) |
| 9:17 | Queue | Militia |
| 9:27 | Queue | Villager (Male) |
| 9:38 | Queue | Villager (Male) |
| 9:52 | Queue | Villager (Male) |
| 10:05 | Build | Mining Camp |
| 10:10 | Research | Loom |
| 10:33 | Queue | Villager (Male) |
| 10:35 | Build | Farm |
| 10:36 | Build | Farm |
| 10:36 | Build | Farm |
| 10:36 | Build | Farm |
| 10:36 | Build | Farm |
| 10:37 | Build | Farm |
| 10:37 | Build | Farm |
| 10:37 | Build | Farm |
| 10:45 | Build | Palisade Wall |
| 10:56 | Build | Farm |
| 11:12 | Research | Feudal Age |
| 11:14 | Build | Farm |
| 11:20 | Build | Palisade Wall |
| 12:04 | Build | Palisade Wall |
| 13:19 | Queue | Villager (Male) |
| 13:22 | Age | Feudal Age |
| 13:24 | Build | Archery Range |
| 13:27 | Build | Archery Range |
| 13:30 | Queue | Villager (Male) |
| 13:35 | Queue | Villager (Male) |
| 13:47 | Queue | Villager (Male) |
| 13:48 | Build | Blacksmith |
| 14:08 | Research | Double-Bit Axe |
| 14:16 | Queue | Archer |
| 14:22 | Queue | Archer |
| 14:23 | Queue | Archer |
| 14:35 | Build | House |
| 14:41 | Research | Gold Mining |
| 14:50 | Research | Fletching |
| 14:50 | Research | Fletching |
| 15:07 | Queue | Archer |
| 15:07 | Queue | Archer |
| 15:19 | Queue | Villager (Male) |
| 15:20 | Build | House |
| 15:21 | Queue | Archer |
| 15:21 | Queue | Archer |
| 15:28 | Queue | Villager (Male) |
| 15:30 | Build | Farm |
| 15:31 | Build | Farm |
| 15:35 | Build | Farm |
| 15:36 | Queue | Villager (Male) |
| 15:43 | Queue | Villager (Male) |
| 15:52 | Build | House |
| 15:58 | Build | Farm |
| 16:05 | Queue | Villager (Male) |
| 16:07 | Queue | Archer |
| 16:08 | Queue | Archer |
| 16:18 | Queue | Archer |
| 16:19 | Queue | Archer |
| 16:29 | Research | Wheelbarrow |
| 16:30 | Queue | Archer |
| 16:55 | Build | Farm |
| 16:59 | Build | Farm |
| 17:06 | Build | House |
| 17:47 | Research | Castle Age |
| 17:47 | Research | Castle Age |
| 18:11 | Build | Palisade Wall |
| 18:14 | Queue | Archer |
| 18:14 | Queue | Archer |
| 18:43 | Build | House |
| 19:00 | Build | Palisade Gate |
| 19:04 | Build | Palisade Wall |
| 19:05 | Build | Palisade Wall |
| 19:14 | Build | Farm |
| 19:15 | Queue | Archer |
| 19:15 | Queue | Archer |
| 19:20 | Research | Horse Collar |
| 19:20 | Research | Horse Collar |
| 19:53 | Build | Farm |
| 19:54 | Build | Farm |
| 19:56 | Build | Farm |
| 20:27 | Queue | Villager (Male) |
| 20:29 | Age | Castle Age |
| 20:30 | Build | Monastery |
| 20:32 | Build | Siege Workshop |
| 20:35 | Research | Bodkin Arrow |
| 20:35 | Research | Crossbowman (upgrade) |
| 20:36 | Queue | Villager (Male) |
| 21:03 | Queue | Cavalry Archer |
| 21:09 | Queue | Cavalry Archer |
| 21:15 | Queue | Monk |
| 21:16 | Queue | Mangonel |
| 21:28 | Queue | Villager (Male) |
| 21:28 | Queue | Villager (Male) |
| 21:36 | Queue | Villager (Male) |
| 21:37 | Queue | Villager (Male) |
| 21:41 | Build | Monastery |
| 21:42 | Queue | Villager (Male) |
| 21:42 | Queue | Villager (Male) |
| 21:53 | Queue | Villager (Male) |
| 21:55 | Queue | Archer |
| 21:55 | Queue | Archer |
| 21:55 | Queue | Archer |
| 21:55 | Queue | Archer |
| 21:59 | Queue | Villager (Male) |
| 22:17 | Queue | Monk |
Build order — Predestined Jean Calvin
First 150 of 653 actions detected
| 0:02 | Research | Loom |
| 0:02 | Research | Loom |
| 0:46 | Queue | Villager (Male) |
| 1:13 | Queue | Villager (Male) |
| 1:39 | Queue | Villager (Male) |
| 2:12 | Queue | Villager (Male) |
| 2:12 | Queue | Villager (Male) |
| 2:17 | Build | Lumber Camp |
| 2:23 | Queue | Villager (Male) |
| 2:41 | Queue | Villager (Male) |
| 2:42 | Queue | Villager (Male) |
| 3:22 | Queue | Villager (Male) |
| 3:22 | Queue | Villager (Male) |
| 3:37 | Build | Palisade Wall |
| 3:40 | Build | Palisade Wall |
| 3:42 | Build | Palisade Wall |
| 3:43 | Build | Palisade Wall |
| 3:44 | Build | Palisade Wall |
| 3:46 | Build | Palisade Wall |
| 4:08 | Queue | Villager (Male) |
| 4:12 | Queue | Villager (Male) |
| 4:12 | Queue | Villager (Male) |
| 4:18 | Build | Palisade Wall |
| 4:21 | Build | House |
| 4:47 | Queue | Villager (Male) |
| 5:27 | Queue | Villager (Male) |
| 5:27 | Queue | Villager (Male) |
| 5:34 | Build | Palisade Wall |
| 6:01 | Queue | Villager (Male) |
| 6:26 | Queue | Villager (Male) |
| 6:32 | Build | House |
| 6:44 | Queue | Villager (Male) |
| 6:44 | Queue | Villager (Male) |
| 7:02 | Queue | Villager (Male) |
| 7:03 | Build | Mill |
| 8:19 | Queue | Villager (Male) |
| 8:28 | Build | Palisade Wall |
| 8:28 | Build | Palisade Wall |
| 8:50 | Build | Palisade Wall |
| 8:55 | Build | House |
| 9:09 | Queue | Villager (Male) |
| 9:28 | Build | Palisade Wall |
| 9:32 | Queue | Villager (Male) |
| 9:36 | Build | Palisade Wall |
| 9:49 | Build | Palisade Wall |
| 9:52 | Build | House |
| 9:53 | Build | Palisade Wall |
| 9:57 | Build | House |
| 10:00 | Build | Palisade Wall |
| 10:07 | Queue | Villager (Male) |
| 10:14 | Queue | Villager (Male) |
| 10:18 | Build | Palisade Wall |
| 10:28 | Queue | Villager (Male) |
| 10:29 | Build | Farm |
| 10:29 | Build | Farm |
| 10:30 | Build | Farm |
| 10:38 | Build | House |
| 10:39 | Queue | Villager (Male) |
| 10:47 | Queue | Villager (Male) |
| 10:55 | Build | Palisade Gate |
| 10:58 | Build | Palisade Gate |
| 10:59 | Build | Palisade Wall |
| 11:10 | Build | Palisade Wall |
| 11:11 | Queue | Villager (Male) |
| 11:13 | Queue | Villager (Male) |
| 11:16 | Build | Mining Camp |
| 11:26 | Build | Palisade Wall |
| 11:33 | Build | Palisade Wall |
| 11:35 | Queue | Villager (Male) |
| 11:57 | Build | Farm |
| 11:59 | Build | Farm |
| 12:24 | Build | Mining Camp |
| 12:59 | Research | Feudal Age |
| 13:24 | Build | Palisade Wall |
| 14:00 | Build | Farm |
| 14:28 | Queue | Villager (Male) |
| 14:28 | Queue | Villager (Male) |
| 14:32 | Build | Farm |
| 15:32 | Build | Farm |
| 15:40 | Age | Feudal Age |
| 15:44 | Build | Market |
| 15:47 | Build | Blacksmith |
| 16:03 | Queue | Villager (Male) |
| 16:08 | Build | Watch Tower |
| 16:14 | Build | Stone Wall |
| 16:16 | Build | Stone Wall |
| 16:17 | Build | Stone Wall |
| 16:20 | Build | Stone Wall |
| 16:36 | Build | Stone Wall |
| 16:41 | Build | Stone Wall |
| 16:43 | Build | Stone Wall |
| 16:45 | Build | Stone Wall |
| 16:47 | Research | Castle Age |
| 16:47 | Research | Castle Age |
| 16:50 | Build | Stone Wall |
| 16:51 | Research | Double-Bit Axe |
| 17:04 | Build | House |
| 17:05 | Build | House |
| 17:15 | Build | Farm |
| 17:18 | Research | Horse Collar |
| 17:20 | Build | Farm |
| 17:27 | Build | Farm |
| 18:20 | Build | Farm |
| 19:26 | Queue | Villager (Male) |
| 19:35 | Age | Castle Age |
| 19:38 | Build | Town Center |
| 19:38 | Queue | Villager (Male) |
| 19:38 | Queue | Villager (Male) |
| 19:56 | Queue | Villager (Male) |
| 20:09 | Build | House |
| 20:10 | Queue | Villager (Male) |
| 20:16 | Build | Town Center |
| 20:19 | Queue | Villager (Male) |
| 20:29 | Build | House |
| 20:32 | Build | House |
| 20:33 | Queue | Villager (Male) |
| 20:35 | Build | Siege Workshop |
| 20:55 | Queue | Villager (Male) |
| 21:03 | Research | Town Watch |
| 21:04 | Research | Wheelbarrow |
| 21:10 | Queue | Villager (Male) |
| 21:13 | Queue | Villager (Male) |
| 21:43 | Build | Castle |
| 21:51 | Queue | Iron Pagoda |
| 22:08 | Queue | Villager (Male) |
| 22:08 | Queue | Villager (Male) |
| 22:15 | Build | Farm |
| 22:15 | Queue | Villager (Male) |
| 22:32 | Queue | Villager (Male) |
| 22:32 | Queue | Villager (Male) |
| 22:48 | Queue | Villager (Male) |
| 23:06 | Queue | Chu Ko Nu |
| 23:16 | Build | Farm |
| 23:18 | Queue | Villager (Male) |
| 23:18 | Queue | Villager (Male) |
| 23:30 | Queue | Villager (Male) |
| 23:42 | Build | Farm |
| 23:52 | Queue | Villager (Male) |
| 24:03 | Queue | Villager (Male) |
| 24:21 | Queue | Villager (Male) |
| 24:26 | Queue | Chu Ko Nu |
| 24:26 | Queue | Chu Ko Nu |
| 24:37 | Queue | Villager (Male) |
| 24:37 | Queue | Villager (Male) |
| 24:52 | Build | Farm |
| 24:53 | Build | Farm |
| 24:54 | Build | Farm |
| 24:55 | Build | Farm |
| 24:56 | Build | Farm |
| 24:59 | Build | Farm |
Match timeline
| 0:04 | snowshawnskate · first_building Barracks |
| 3:37 | Predestined Jean Calvin · wall_segment Palisade Wall x1 |
| 3:40 | Predestined Jean Calvin · wall_segment Palisade Wall x1 |
| 3:42 | Predestined Jean Calvin · wall_segment Palisade Wall x1 |
| 3:43 | Predestined Jean Calvin · wall_segment Palisade Wall x1 |
| 3:44 | Predestined Jean Calvin · wall_segment Palisade Wall x1 |
| 3:46 | Predestined Jean Calvin · wall_segment Palisade Wall x1 |
| 4:18 | Predestined Jean Calvin · wall_segment Palisade Wall x1 |
| 5:34 | Predestined Jean Calvin · wall_segment Palisade Wall x1 |
| 6:19 | snowshawnskate · wall_segment Palisade Wall x3 |
| 7:44 | snowshawnskate · wall_segment Palisade Wall x1 |
| 8:02 | snowshawnskate · wall_segment Palisade Wall x3 |
| 8:28 | Predestined Jean Calvin · wall_segment Palisade Wall x1 |
| 8:28 | Predestined Jean Calvin · wall_segment Palisade Wall x1 |
| 8:50 | Predestined Jean Calvin · wall_segment Palisade Wall x6 |
| 9:28 | Predestined Jean Calvin · wall_segment Palisade Wall x5 |
| 9:36 | Predestined Jean Calvin · wall_segment Palisade Wall x2 |
| 9:49 | Predestined Jean Calvin · wall_segment Palisade Wall x1 |
| 9:53 | Predestined Jean Calvin · wall_segment Palisade Wall x1 |
| 10:00 | Predestined Jean Calvin · wall_segment Palisade Wall x1 |
| 10:18 | Predestined Jean Calvin · wall_segment Palisade Wall x1 |
| 10:45 | snowshawnskate · wall_segment Palisade Wall x5 |
| 10:59 | Predestined Jean Calvin · wall_segment Palisade Wall x1 |
| 11:10 | Predestined Jean Calvin · wall_segment Palisade Wall x1 |
| 11:20 | snowshawnskate · wall_segment Palisade Wall x4 |
| 11:26 | Predestined Jean Calvin · wall_segment Palisade Wall x4 |
| 11:33 | Predestined Jean Calvin · wall_segment Palisade Wall x19 |
| 12:04 | snowshawnskate · wall_segment Palisade Wall x7 |
| 13:22 | snowshawnskate · age_up feudal |
| 13:24 | snowshawnskate · first_building Archery Range |
| 13:24 | Predestined Jean Calvin · wall_segment Palisade Wall x1 |
| 15:40 | Predestined Jean Calvin · age_up feudal |
| 16:14 | Predestined Jean Calvin · wall_segment Stone Wall x1 |
| 16:16 | Predestined Jean Calvin · wall_segment Stone Wall x1 |
| 16:17 | Predestined Jean Calvin · wall_segment Stone Wall x1 |
| 16:20 | Predestined Jean Calvin · wall_segment Stone Wall x1 |
| 16:36 | Predestined Jean Calvin · wall_segment Stone Wall x1 |
| 16:41 | Predestined Jean Calvin · wall_segment Stone Wall x1 |
| 16:43 | Predestined Jean Calvin · wall_segment Stone Wall x1 |
| 16:45 | Predestined Jean Calvin · wall_segment Stone Wall x1 |
| 16:50 | Predestined Jean Calvin · wall_segment Stone Wall x1 |
| 18:11 | snowshawnskate · wall_segment Palisade Wall x8 |
| 19:04 | snowshawnskate · wall_segment Palisade Wall x4 |
| 19:05 | snowshawnskate · wall_segment Palisade Wall x1 |
| 19:35 | Predestined Jean Calvin · age_up castle |
| 20:29 | snowshawnskate · age_up castle |
| 20:30 | snowshawnskate · first_building Monastery |
| 20:32 | snowshawnskate · first_building Siege Workshop |
| 20:35 | Predestined Jean Calvin · first_building Siege Workshop |
| 21:24 | Predestined Jean Calvin · first_market_sell 100 food |
| 21:43 | Predestined Jean Calvin · first_building Castle |
| 26:11 | snowshawnskate · first_market_buy 100 wood |
| 27:02 | snowshawnskate · first_market_sell 100 food |
| 28:10 | Predestined Jean Calvin · first_market_buy 100 food |
| 30:23 | snowshawnskate · first_building Stable |
| 34:16 | Predestined Jean Calvin · first_building Barracks |
| 34:54 | Predestined Jean Calvin · wall_segment Stone Wall x1 |
| 36:26 | Predestined Jean Calvin · wall_segment Stone Wall x1 |
| 37:23 | Predestined Jean Calvin · age_up imperial |
| 37:49 | Predestined Jean Calvin · wall_segment Stone Wall x3 |
| 38:01 | Predestined Jean Calvin · wall_segment Stone Wall x1 |
| 38:02 | Predestined Jean Calvin · wall_segment Stone Wall x1 |
| 38:04 | Predestined Jean Calvin · wall_segment Stone Wall x1 |
| 38:28 | Predestined Jean Calvin · wall_segment Stone Wall x4 |
| 39:09 | Predestined Jean Calvin · wall_segment Stone Wall x1 |
| 39:14 | Predestined Jean Calvin · wall_segment Stone Wall x1 |
| 39:30 | Predestined Jean Calvin · wall_segment Stone Wall x1 |
| 41:23 | Predestined Jean Calvin · wall_segment Stone Wall x1 |
| 41:25 | Predestined Jean Calvin · wall_segment Stone Wall x1 |
| 41:43 | Predestined Jean Calvin · wall_segment Stone Wall x1 |
| 43:33 | Predestined Jean Calvin · first_building Stable |
| 44:43 | snowshawnskate · age_up imperial |
| 44:51 | snowshawnskate · first_building Castle |
| 45:05 | Predestined Jean Calvin · wall_segment Stone Wall x1 |
| 45:17 | snowshawnskate · wall_segment Stone Wall x1 |
| 45:18 | snowshawnskate · wall_segment Stone Wall x1 |
| 45:19 | snowshawnskate · wall_segment Stone Wall x1 |
| 47:57 | snowshawnskate · first_building Dock |
| 48:52 | Predestined Jean Calvin · resign |
[ AI ANALYSIS · 1 CREDIT ]
What really happened in this match?
Wolo.gg analyzes every decision: build order, eco, micro, common mistakes by bracket. Personalized analysis on WhatsApp or Discord in 30 seconds.
Civ guide
Lithuanians
Perfil
snowshawnskate